 Dungeon Crawl Stone Soup version 0.18.1-50-g88ac8fd (webtiles) character file.

35 Gargoyl the Skirmisher (level 3, 0/29 HPs)
             Began as a Demonspawn Abyssal Knight on Oct 28, 2016.
             Was a Follower of Lugonu.
             Slain by Sigmund
             ... wielding a cursed -2 scythe
              (10 damage)
             ... on level 2 of the Dungeon.
             The game lasted 00:02:16 (1396 turns).

Gargoyl the Skirmisher (Demonspawn Abyssal Knight)  Turns: 1396, Time: 00:02:16

Health: 0/29       AC:  4    Str: 13    XL:     3   Next: 16%
Magic:  5/5        EV: 14    Int: 13    God:    Lugonu [*.....]
Gold:   7          SH:  0    Dex: 14    Spells: 0 memorised, 2 levels left

rFire  . . .     SeeInvis .     a - +1 hand axe
rCold  . . .     Gourm    .     b - +0 leather armour
rNeg   . . .     Faith    .     (no shield)
rPois  +         Spirit   .     (no helmet)
rElec  .         Dismiss  .     (no cloak)
rCorr  .         Reflect  .     (no gloves)
SustAt .         Harm     .     n - +0 pair of boots
MR     .....                    (no amulet)
Stlth  ++........               j - ring of poison resistance
                                d - +3 ring of evasion

@: not resistant to hostile enchantments, unstealthy
A: thin skeletal structure 1, demonic guardian 1
a: Depart the Abyss, Renounce Religion


You were on level 2 of the Dungeon.
You worshipped Lugonu.
Lugonu was aware of your devotion.
You were near starving.

You visited 1 branch of the dungeon, and saw 2 of its levels.
You visited the Abyss 1 time.

You collected 7 gold pieces.

Inventory:

Hand Weapons
 a - a +1 hand axe (weapon)
Missiles
 m - 8 tomahawks (quivered)
Armour
 b - a +0 leather armour (worn)
 n - a +0 pair of boots (worn)
Jewellery
 d - a +3 ring of evasion (left hand)
 j - a ring of poison resistance (right hand)
 q - an uncursed ring of protection from magic {unknown}
Scrolls
 e - a scroll of immolation {unknown}
 f - 2 scrolls of identify {unknown}
 g - 4 scrolls of remove curse {unknown}
 h - a scroll of recharging {unknown}
 i - a scroll of random uselessness {unknown}
 k - a scroll of magic mapping {unknown}
 l - a scroll of enchant armour {unknown}
 p - a scroll of teleportation {unknown}
Potions
 o - a potion of might {unknown}
Comestibles
 c - 2 bread rations
 r - a slice of pizza


   Skills:
 + Level 3.5 Fighting
 + Level 2.1 Axes
 * Level 2.1 Armour
 + Level 1.2 Dodging
 * Level 2.7 Invocations


You had 2 spell levels left.
You didn't know any spells.

Dungeon Overview and Level Annotations

Branches:
Dungeon (2/15)

Altars:
Cheibriados

Annotations:
D:2 Sigmund


Innate Abilities, Weirdness & Mutations

You have a somewhat thin skeletal structure (Dex +2, Stealth).
A weak demonic guardian rushes to your aid.


Message History

You completely miss Sigmund.
Sigmund is heavily wounded.
Your ufetubus misses Sigmund. x2; Sigmund hits you with a scythe!
Your ufetubus barely misses Sigmund.
Your ufetubus hits Sigmund but does no damage.
Unknown command.
You hit Sigmund.
Sigmund is heavily wounded.
Your ufetubus completely misses Sigmund.
Your ufetubus hits Sigmund.
Sigmund mumbles some strange words.
Sigmund flickers and vanishes!
Deactivating autopickup; reactivate with Ctrl-A.
You hit something but do no damage.
You hear some strange, mumbled words.
A magic dart appears from out of thin air!
The magic dart hits you!
Unknown command.
You hit something. Something hits you!
You die...

..###.# ####
##.....##....
##............
#........=.... ###
#............. ..
##............. # #.
.#.......!..... .##.##
.#....†@{...... ..#..#
#.#.....5.......
...#.####.##....$.......
...#...##.###.....##.)..
....)).....#####..# ##.
.(...).....### ##.#
...###(#.....####.# # ...
#((##.(...##.#### .# . ..
##.####....#....###.###..


You could see a friendly ufetubus.

Vanquished Creatures
  A giant gecko (D:1)
  A ball python (D:2)
  A giant cockroach (D:1)
  8 goblins (D:1)
  4 hobgoblins (D:1)
  3 kobolds (D:2)
  6 bats
  A giant newt (D:1)
  5 rats (D:1)
30 creatures vanquished.

Vanquished Creatures (collateral kills)
  A giant cockroach (D:2)
1 creature vanquished.

Grand Total: 31 creatures vanquished

Notes
Turn   | Place    | Note
--------------------------------------------------------------
     0 | Abyss:1  | Gargoyl the Demonspawn Abyssal Knight began the quest for the Orb.
     0 | Abyss:1  | Reached XP level 1. HP: 18/18 MP: 2/2
    56 | Abyss:1  | Noticed a bone dragon
   105 | D:1      | Escaped the Abyss
   118 | D:1      | Reached * piety under Lugonu
   118 | D:1      | Gained mutation: A weak demonic guardian rushes to your aid. [demonic ancestry]
   118 | D:1      | Reached XP level 2. HP: 2/24 MP: 4/4
   448 | D:1      | Reached skill level 1 in Dodging
   612 | D:1      | Found a snail-covered altar of Cheibriados.
  1203 | D:2      | Gained mutation: You have a somewhat thin skeletal structure (Dex +2, Stealth). [demonic ancestry]
  1203 | D:2      | Reached XP level 3. HP: 19/29 MP: 5/5
  1382 | D:2      | Noticed Sigmund
  1396 | D:2      | Slain by Sigmund

Skill      XL: |  1  2 |
---------------+-------+-----
Axes           | 2 |  2.1
Dodging        | 1 |  1.2
Armour         | 2 |  2.1
Fighting       | |  3.5
Invocations    | |  2.7

Action                   || total
-------------------------++-------
Melee: Hand axe          ||    70
Invok: Depart the Abyss  ||     1
Armor: Leather armour    ||    21
Dodge: Dodged            ||    78
